 Dungeon Crawl Stone Soup version 0.30.1-11-g7821555f0a (webtiles) character file.

Game seed: 8787919986424835278

4945 Ijustatesigmund the Magician (level 10, -5/56 HPs)
             Began as a Gargoyle Earth Elementalist on Nov 17, 2023.
             Slain by a thrashing horror (10 damage)
             ... on level 1 of the Abyss.
             The game lasted 00:21:35 (9986 turns).

Ijustatesigmund the Magician (GrEE)                 Turns: 9986, Time: 00:21:37

Health: -5/56      AC: 15    Str: 11    XL:     10   Next: 52%
Magic:  29/29      EV: 12    Int: 21    God:
Gold:   506        SH:  0    Dex: 10    Spells: 14/23 levels left

rFire   . . .        c - +7 Throatcutter {drain, coup de grace}
rCold   . . .        (no shield)
rNeg    + . .        a - +0 steam dragon scales
rPois   ∞            v - +0 helmet
rElec   +            (no cloak)
rCorr   +            k - +0 pair of gloves
SInv    .            (no boots)
Will    .....        (no amulet)
Stlth   ++           o - ring of magical power
HPRegen 0.29/turn    B - ring of resist corrosion
MPRegen 0.21/turn

%: no passive effects
@: marked
A: sickness immunity, AC +7, negative energy resistance 1, electricity
resistance, torment resistance 1, petrification resistance
a: no special abilities


You were on level 1 of the Abyss.
You visited 2 branches of the dungeon, and saw 10 of its levels.
You visited the Abyss 1 time.
You also visited: Sewer.

You collected 506 gold pieces.

Inventory:

Hand Weapons
 c - the +7 Throatcutter (weapon) {drain, coup de grace}
   (You found it on level 3 of the Dungeon)
 e - a +1 morningstar
 n - the +6 long sword "Ylywe" {speed, Str+6}
   (You found it on level 2 of the Dungeon)

   Str:       It affects your strength (+6).
Armour
 a - +0 steam dragon scales (worn)
 k - a +0 pair of gloves (worn)
 v - a +0 helmet (worn)
Jewellery
 l - a +6 ring of intelligence
 o - a ring of magical power (left hand)
 x - a ring of positive energy
 B - a ring of resist corrosion (right hand)
Wands
 r - a wand of flame (30)
 u - a wand of polymorph (4)
Scrolls
 m - 2 scrolls of amnesia
 t - a scroll of enchant weapon
 w - a scroll of torment
 y - a scroll of silence {unknown}
Potions
 b - a potion of magic
 d - a potion of cancellation {unknown}
 h - 2 potions of might
 i - 6 potions of flight
 j - 2 potions of resistance
 q - 2 potions of brilliance
Miscellaneous
 C - a box of beasts (inert)


   Skills:
 - Level 4.0 Fighting
 - Level 1.2 Long Blades
 - Level 4.6 Armour
 - Level 4.0 Dodging
 - Level 2.1 Stealth
 + Level 7.3 Spellcasting
 - Level 7.2 Conjurations
 + Level 4.5 Necromancy
 - Level 0.7 Transmutations
 - Level 7.2 Earth Magic
 + Level 2.3 Evocations


You had 14 spell levels left.
You knew the following spells:

 Your Spells              Type           Power      Damage    Failure   Level
a - Sandblast             Erth           76%        2d16      1%          1
b - Stone Arrow           Conj/Erth      76%        3d11      1%          3
c - Borgnjor's Vile Clut  Necr/Erth      16%        N/A       22%         5

Your spell library contained the following spells:

 Spells                   Type           Power      Damage    Failure   Level
 Shock                    Conj/Air       88%        1d8       1%          1
 Passwall                 Tmut/Erth      20%        N/A       2%          2
 Momentum Strike          Conj/Tloc      44%        3d9       3%          2
 Summon Small Mammal      Summ           28%        N/A       9%          1
 Wereblood                Tmut           10%        N/A       10%         2
 Mephitic Cloud           Conj/Pois/Air  17%        N/A       10%         3
 Blink                    Tloc           14%        N/A       13%         2
 Lesser Beckoning         Tloc           14%        N/A       13%         2
 Poisonous Vapours        Pois/Air       14%        N/A       13%         2
 Animate Dead             Necr           26%        N/A       13%         4
 Petrify                  Tmut/Erth      24%        N/A       17%         4
 Sticky Flame             Conj/Fire      22%        2d4       19%         4
 Ignite Poison            Fire/Tmut/Pois 8%         N/A       24%         3
 Inner Flame              Hex/Fire       7%         N/A       26%         3
 Swiftness                Air            7%         N/A       26%         3
 Irradiate                Conj/Tmut      12%        3d15      41%         5
 Airstrike                Air            3%         2d(1-17)  65%         4
 Freezing Cloud           Conj/Ice/Air   8%         6-21      65%         5
 Yara's Violent Unravell  Hex/Tmut       4%         3d4       90%         5
 Death Channel            Necr           13%        N/A       90%         6
 Enfeeble                 Hex            3%         N/A       100%        7
 Summon Hydra             Summ           3%         N/A       100%        7
 Ignition                 Fire           3%         3d4       100%        8
 Sublimation of Blood     Necr           Unusable   N/A       N/A         2

Dungeon Overview and Level Annotations

Branches:
Dungeon (9/15)             Temple (1/1) D:6             Orc (0/2) D:9
  Sewer (visited)
   Lair: D:8-11

Altars:
Ashenzari
Dithmenos
Elyvilon
Fedhas
Gozag
Hepliaklqana
Kikubaaqudgha
Makhleb
Okawaru
Qazlal
Ru
Sif Muna
Trog
Uskayaw
Vehumet
Wu Jian
Yredelemnul
Zin
The Shining One

Shops:
D:5 (   D:6 [

Annotations:
D:9 Harold, Maurice


Innate Abilities, Weirdness & Mutations

You are immune to sickness and miasma.
Your stone body is resilient. (AC +7)
You are immune to poison.
You resist negative energy. (rN+)
You are resistant to electric shocks. (rElec)
You are resistant to unholy torment.
You are immune to petrification.


Message History

The thrashing horror tramples you but does no damage.
You hit the thrashing horror.
The thrashing horror is lightly damaged.
The thrashing horror tramples you!
You hold your ground!
The thrashing horror tramples you but does no damage.
You are too injured to fight recklessly!
You are too injured to fight recklessly!
You are too injured to fight recklessly!
You are too injured to fight recklessly!
You are too injured to fight recklessly!
You are too injured to fight recklessly!
You are too injured to fight recklessly!
You are too injured to fight recklessly!
You are too injured to fight recklessly!
You are too injured to fight recklessly!
You slash the thrashing horror!
The thrashing horror is lightly damaged.
The thrashing horror closely misses you.
The thrashing horror barely misses you.
You closely miss the thrashing horror.
The thrashing horror is lightly damaged.
The thrashing horror tramples you but does no damage.
The thrashing horror misses you. The thrashing horror tramples you.
You stumble backwards!
The thrashing horror barely misses you. x2
You closely miss the thrashing horror.
The thrashing horror is lightly damaged.
The thrashing horror tramples you.
You hold your ground!
The thrashing horror tramples you but does no damage.
The thrashing horror tramples you!
* * * LOW HITPOINT WARNING * * *
You stumble backwards!
You hit the thrashing horror.
The thrashing horror is moderately damaged.
The thrashing horror tramples you.
* * * LOW HITPOINT WARNING * * *
You stumble backwards!
The thrashing horror tramples you.
* * * LOW HITPOINT WARNING * * *
You stumble backwards!
The thrashing horror tramples you!
You die...

'...# ##. ... ##
...###..# .
.#..##.##..#..#.#..
...................
#......#...........
#..................
#......∩...X......#
...........@.......
..................#
..............∩....
...#....∩.∩........
#..............#
.................#
...................
..∩..........#....#
#......#..... #..


You could see a thrashing horror.

Vanquished Creatures
  A cyclops (D:8)
  Maggie (D:9)
  A wraith (D:8)
  3 wyverns
  3 water moccasins
  2 orc warriors (D:8)
  An ice beast (D:6)
  A black bear (D:5)
  3 sky beasts
  An ogre (D:4)
  3 centaurs (D:9)
  2 kobold brigands
  2 gnoll sergeants
  4 scorpions
  5 wights (D:6)
  4 killer bees (D:9)
  A howler monkey (D:9)
  9 crimson imps (D:9)
  3 orc priests
  A hound (D:6)
  5 iguanas
  2 sleepcaps (D:4)
  A gnoll bouda (D:7)
  Ijyb (D:5)
  Terence (D:2)
  A sickly merfolk siren (Sewer)
  13 orc wizards
  A malarious merfolk avatar (Sewer)
  11 gnolls
  11 adders
  2 river rats (Sewer)
  A shadow imp (D:7)
  2 ufetubi
  2 worms (D:2)
  A dart slug (D:1)
  18 orcs
  9 ball pythons
  7 bats
  3 endoplasms
  4 giant cockroaches
  8 goblins
  12 hobgoblins
  7 jackals (D:3)
  3 quokkas
  7 frilled lizards
  19 kobolds
  36 rats
239 creatures vanquished.

Vanquished Creatures (collateral kills)
  A centaur (D:9)
  2 gnolls (D:7)
  A kobold (D:9)
4 creatures vanquished.

Vanquished Creatures (others)
  A killer bee (D:9)
1 creature vanquished.

Grand Total: 244 creatures vanquished

Notes
Turn   | Place    | Note
-------+----------+-------------------------------------------
     0 | D:1      | Ijustatesigmund the Gargoyle Earth Elementalist began the
                  | quest for the Orb.
     0 | D:1      | Reached XP level 1. HP: 10/10 MP: 3/3
   228 | D:1      | Reached XP level 2. HP: 15/15 MP: 1/5
   636 | D:1      | Reached XP level 3. HP: 19/19 MP: 6/6
   738 | D:1      | Learned a level 3 spell: Stone Arrow
   956 | D:2      | Identified the +6 long sword "Ylywe" {speed, Str+6}
  1467 | D:2      | Noticed Terence
  1490 | D:2      | HP: 1/20 [Terence/+1 hand axe of electrocution (2)]
  1491 | D:2      | Killed Terence
  1492 | D:2      | Reached skill level 1 in Fighting
  1492 | D:2      | Reached skill level 1 in Conjurations
  1492 | D:2      | Reached XP level 4. HP: 1/25 MP: 2/8
  1889 | D:3      | Reached XP level 5. HP: 17/29 MP: 9/9
  2720 | D:3      | Found the +7 Throatcutter {drain, coup de grace}
  2852 | D:4      | Reached skill level 5 in Earth Magic
  3061 | D:4      | Reached XP level 6. HP: 35/35 MP: 10/10
  3404 | D:4      | Reached skill level 1 in Long Blades
  3406 | D:4      | Reached XP level 7. HP: 37/40 MP: 12/12
  3519 | D:5      | Entered Level 5 of the Dungeon
  3620 | D:5      | Found Pogheuwa's Weapon Shoppe.
  3706 | D:5      | Noticed Ijyb
  3712 | D:5      | Killed Ijyb
  4738 | D:5      | Found a radiant altar of Vehumet.
  4764 | D:5      | Found an ancient bone altar of Kikubaaqudgha.
  4771 | D:5      | Found a shimmering blue altar of Sif Muna.
  4780 | D:5      | Reached skill level 5 in Conjurations
  4827 | D:5      | Got Sif Muna's Directory of Bringing Forth
  4897 | D:6      | Found a staircase to the Ecumenical Temple.
  4907 | D:6      | Found a glowing drain.
  4930 | Sewer    | Entered a sewer
  5307 | Sewer    | Reached XP level 8. HP: 46/46 MP: 14/14
  5509 | Temple   | Entered the Ecumenical Temple
  5622 | D:6      | Found Ewkuimof's Antique Armour Boutique.
  6068 | D:6      | Reached skill level 1 in Armour
  6584 | D:7      | Reached skill level 5 in Spellcasting
  6636 | D:7      | Reached XP level 9. HP: 45/52 MP: 16/16
  6642 | D:7      | Learned a level 5 spell: Borgnjor's Vile Clutch
  6884 | D:7      | Reached skill level 1 in Necromancy
  7966 | D:8      | Noticed a cyclops
  7972 | D:8      | Killed a cyclops
  8211 | D:8      | Found a basalt altar of Yredelemnul.
  8391 | D:8      | Reached XP level 10. HP: 35/56 MP: 19/19
  8964 | D:9      | Found a bloodstained altar of Trog.
  8969 | D:9      | Found a hide-covered altar of Uskayaw.
  9178 | D:9      | Found a staircase to the Orcish Mines.
  9250 | D:9      | Noticed Maggie
  9264 | D:9      | Killed Maggie
  9265 | D:9      | Reached skill level 1 in Evocations
  9468 | D:9      | Noticed Harold
  9468 | D:9      | Noticed a kobold demonologist
  9471 | D:9      | Found a sacrificial altar of Ru.
  9945 | D:9      | Noticed Maurice
  9946 | D:9      | Maurice changed into Maurice the tengu
  9946 | D:9      | Noticed Maurice
  9957 | Abyss:1  | Cast into level 1 of the Abyss (Harold)
  9977 | Abyss:1  | Noticed a thrashing horror
  9986 | Abyss:1  | Slain by a thrashing horror

Illustrated notes

Levels and vault maps discovered:
D:1:      lemuel_arrival_behind_the_door_small, layout_basic
D:2:      layout_loops_cross, minmay_tetromino_t2, uniq_terence
D:3:      layout_loops_corners, dilly_guarded_unrand_throatcut
D:4:      layout_loops_ring, grunt_ministairs_3
D:5:      layout_basic, palyth_temple_overflow_mages, serial_shops,
          nicolae_shop_rolling_square, grunt_decor_junction, uniq_ijyb
D:6:      layout_rooms, minmay_temple_entry_mist, serial_shops, shop,
          serial_co_window_serial, co_window_of_opportunity_a,
          co_window_corner_a, co_window_paths_a, co_window_corner_a,
          co_window_paths_a, co_window_corner_b, co_window_cross_2,
          co_window_corner_b, co_window_unsneaky_path_e,
          co_window_unsneaky_path_b, co_window_paths_c, portal_sewer_entry_b
D:7:      layout_loops_cross
D:8:      layout_loops_ring, lemuel_tele_altar, amcnicky_mini_pool_small
D:9:      layout_big_octagon, bloody_trog, mainiacjoe_overflow_tiny_flanked,
          nicolae_overflow_squiral, serial_bayou_pond_e, minmay_nine_imps,
          uniq_maurice, uniq_maggie, uniq_harold
Temple:   hellmonk_temple_two_chambers
Abyss:1:  base:
D:3

Skill      XL: |  1  2  3  4  5  6  7  8  9 10 |
---------------+-------------------------------+-----
Earth Magic    | 4 5 6 7 |  7.2
Fighting       | 1 2 3 4 |  4.0
Conjurations   | 1 2 3 4 5 7 |  7.2
Spellcasting   | 3 4 5 6 7 |  7.3
Long Blades    | 1 |  1.2
Armour         | 1 4 |  4.6
Dodging        | 2 4 |  4.0
Necromancy     | 3 4 |  4.5
Evocations     | 2 |  2.3
Stealth        | |  2.1
Transmutations | |  0.7

Action                     |  1- 3 |  4- 6 |  7- 9 | 10-12 || total
---------------------------+-------+-------+-------+-------++-------
  Melee: Unarmed           |    18 |       |       |       ||    18
         Hand axe          |    60 |       |       |       ||    60
         Long sword        |    32 |   106 |   309 |    86 ||   533
         Punch             |     1 |     1 |     3 |     1 ||     6
   Cast: Sandblast         |    25 |     1 |     2 |       ||    28
         Stone Arrow       |     1 |       |    21 |     8 ||    30
  Evoke: Wand              |       |       |     2 |    10 ||    12
         Box of beasts     |       |       |       |     1 ||     1
    Use: Potion            |     2 |       |     6 |     5 ||    13
         Scroll            |       |     5 |    16 |     5 ||    26
   Stab: Sleeping          |     3 |     3 |     2 |       ||     8
 Armour: Robe              |    48 |    39 |   190 |    56 ||   333
         Skin              |       |       |    11 |    26 ||    37
         Steam dragon scal |       |       |       |    21 ||    21
  Dodge: Dodged            |    70 |    49 |   270 |   113 ||   502
